 Dungeon Crawl Stone Soup version 0.30-a0-359-gd0147acb1a (webtiles) character file.

Game seed: 14255068673185097457

585 AeshMezareph the Trooper (level 7, -4/44 HPs)
             Began as a Gargoyle Fighter on Nov 12, 2022.
             Slain by an orc warrior
             ... wielding a +0 short sword
              (9 damage)
             ... on level 7 of the Dungeon.
             The game lasted 00:12:33 (4456 turns).

AeshMezareph the Trooper (Gargoyle Fighter)         Turns: 4456, Time: 00:12:33

Health: -4/44      AC: 18    Str: 22    XL:     7   Next: 37%
Magic:  7/7        EV:  6    Int: 14    God:
Gold:   327        SH:  4    Dex:  9    Spells: 6/6 levels left

rFire   . . .      SeeInvis .    y - +2 mace (holy)
rCold   . . .      Faith    .    c - +0 buckler
rNeg    + . .      Spirit   .    t - +0 plate armour
rPois   ∞          Reflect  .    (no helmet)
rElec   +          Harm     .    i - scarf {shadows}
rCorr   .          Rampage  .    k - +0 pair of gloves
Will    .....                    (no boots)
Stlth   ..........               (no amulet)
HPRegen 0.27/turn                w - +6 ring of intelligence
MPRegen 0.10/turn                z - ring of wizardry

@: mighty
A: sickness immunity, AC +4, negative energy resistance 1, electricity
resistance, torment resistance 1, petrification resistance
a: no special abilities


You were on level 7 of the Dungeon.
You visited 1 branch of the dungeon, and saw 7 of its levels.

You collected 327 gold pieces.

Inventory:

Hand Weapons
 a - a +0 flail
 j - a +0 dagger of venom
 y - a +2 mace of holy wrath (weapon)
 C - a +3 hammer
Armour
 b - a +0 scale mail
 c - a +0 buckler (worn)
 i - a scarf of shadows (worn)
 k - a +0 pair of gloves (worn)
 m - a +3 ring mail
 t - a +0 plate armour (worn)
Jewellery
 h - a ring of ice
 w - a +6 ring of intelligence (left hand)
 z - a ring of wizardry (right hand)
Wands
 u - a wand of roots (7)
 x - a wand of paralysis (7)
Scrolls
 e - a scroll of brand weapon {unknown}
 f - 2 scrolls of enchant armour {unknown}
 g - 2 scrolls of teleportation
 l - a scroll of vulnerability {unknown}
 n - a scroll of immolation {unknown}
 q - a scroll of noise {unknown}
 v - a scroll of butterflies {unknown}
 D - a scroll of blinking {unknown}
 F - a scroll of fear {unknown}
Potions
 d - 2 potions of might
 o - 3 potions of attraction
 s - a potion of brilliance
 A - a potion of invisibility {unknown}
 B - a potion of cancellation {unknown}
 E - a potion of curing


   Skills:
 + Level 5.4 Fighting
 + Level 4.1 Maces & Flails
 + Level 5.3 Armour
 + Level 5.2 Shields


You had 6 spell levels left.
You didn't know any spells.
Your spell library contained the following spells:

 Spells                   Type           Power      Damage    Failure   Level
 Summon Small Mammal      Summ           0%         N/A       94%         1
 Call Canine Familiar     Summ           0%         N/A       100%        3
 Summon Guardian Golem    Hex/Summ       0%         N/A       100%        3


Dungeon Overview and Level Annotations

Branches:
Dungeon (7/15)
 Temple: D:4-7

Altars:
Kikubaaqudgha
Nemelex Xobeh
Qazlal
Trog
Uskayaw
Zin

Annotations:
D:5 Blork the orc
D:6 1 runed translucent door, Crazy Yiuf


Innate Abilities, Weirdness & Mutations

You are immune to sickness and miasma.
Your stone body is resilient. (AC +4)
You are immune to poison.
You resist negative energy. (rN+)
You are resistant to electric shocks. (rElec)
You are resistant to unholy torment.
You are immune to petrification.


Message History

You completely miss the orc warrior.
The orc warrior is moderately wounded.
The orc warrior hits you but does no damage.
You hit the orc warrior.
The orc warrior is moderately wounded.
The orc warrior hits you with a +0 short sword!
* * * LOW HITPOINT WARNING * * *
You hit the orc warrior.
The orc warrior is moderately wounded.
The orc warrior hits you with a +0 short sword!
* * * LOW HITPOINT WARNING * * *
The orc warrior barely misses you.
You hit the orc warrior.
The orc warrior is heavily wounded.
You block the orc warrior's attack.
You hit the orc warrior.
The orc warrior is heavily wounded.
You block the orc warrior's attack.
You closely miss the orc warrior.
The orc warrior is heavily wounded.
You block the orc warrior's attack.
You barely miss the orc warrior.
The orc warrior is heavily wounded.
You block the orc warrior's attack.
The orc warrior hits you with a +0 short sword.
* * * LOW HITPOINT WARNING * * *
You closely miss the orc warrior.
The orc warrior is heavily wounded.
The orc warrior hits you but does no damage.
You hit the orc warrior.
The orc warrior is severely wounded.
The orc warrior barely misses you.
You barely miss the orc warrior.
The orc warrior is severely wounded.
You block the orc warrior's attack.
You barely miss the orc warrior.
The orc warrior is severely wounded.
The orc warrior hits you but does no damage.
The orc warrior hits you with a +0 short sword!
You die...

###.####.####..#
#.# #.# #..# #.#
#.# #..# #.# #.#
#..#
#.####.####..#
#............#
######.####..#
#########.# #..#
#.....@ooo####..#
#.#######o......#
######...#...##
#....o.......#
......#...#.#.#
.......#.##.# #
.......#.# #
....>.....
.....<# ##.


You could see an orc warrior and 3 orcs.

Vanquished Creatures
  A phantom (D:4)
  A bullfrog (D:7)
  A howler monkey (D:6)
  2 jellies
  2 orc priests
  An iguana (D:5)
  3 orc wizards
  8 adders
  A white imp (D:7)
  An ufetubus (D:6)
  3 dart slugs
  2 worms
  15 orcs
  7 endoplasms
  4 goblins
  4 hobgoblins
  6 jackals
  3 quokkas
  3 ball pythons
  6 bats
  3 frilled lizards (D:1)
  8 kobolds
  3 rats
88 creatures vanquished.

Vanquished Creatures (others)
  An orc wizard (D:6)
1 creature vanquished.

Grand Total: 89 creatures vanquished

Notes
Turn   | Place    | Note
-------+----------+-------------------------------------------
     0 | D:1      | AeshMezareph the Gargoyle Fighter began the quest for the
                  | Orb.
     0 | D:1      | Reached XP level 1. HP: 14/14 MP: 1/1
   181 | D:1      | Reached XP level 2. HP: 13/19 MP: 2/2
   578 | D:1      | Reached XP level 3. HP: 23/23 MP: 3/3
  1175 | D:2      | You fall into a shaft and drop 2 floors!
  1302 | D:3      | Reached XP level 4. HP: 29/29 MP: 4/4
  1359 | D:3      | Found a sparkling altar of Nemelex Xobeh.
  1924 | D:3      | Found a hide-covered altar of Uskayaw.
  1940 | D:3      | Found an ancient bone altar of Kikubaaqudgha.
  2008 | D:3      | Reached XP level 5. HP: 33/33 MP: 5/5
  2158 | D:3      | Found a glowing silver altar of Zin.
  2489 | D:4      | Noticed a phantom
  2511 | D:4      | Killed a phantom
  2512 | D:4      | Reached XP level 6. HP: 34/39 MP: 6/6
  3184 | D:5      | Entered Level 5 of the Dungeon
  3281 | D:5      | Found a stormy altar of Qazlal.
  3281 | D:5      | Noticed an air elemental
  3284 | D:5      | Noticed a fire elemental
  3285 | D:5      | Noticed a water elemental
  3481 | D:5      | Noticed a black bear
  3482 | D:5      | Noticed Blork the orc
  3584 | D:6      | Reached skill level 5 in Fighting
  3584 | D:6      | Reached skill level 5 in Armour
  3741 | D:6      | Reached skill level 5 in Shields
  3763 | D:6      | Reached XP level 7. HP: 39/44 MP: 7/7
  3809 | D:6      | Found a runed translucent door.
  3835 | D:6      | Noticed Crazy Yiuf
  4001 | D:6      | Found a bloodstained altar of Trog.
  4456 | D:7      | Slain by an orc warrior

Illustrated notes

Levels and vault maps discovered:
D:1:      moated_graveyard_arrival, layout_basic, chequers_decorated_corner
D:2:      layout_rooms, kennysheep_crisscross, hangedman_decor_opposing,
          minmay_strange_pillars, grunt_decor_fettered, st_stairs_6
D:3:      layout_basic, nemelex_xobeh_ov_fountains_minmay,
          mainiacjoe_overflow_catwalk_spiral, mainiacjoe_overflow_24_doors,
          st_stairs_13, chequers_jeans
D:4:      layout_basic
D:5:      layout_layer_cave, nicolae_qazlal_style_of_elements,
          grunt_gozag_breadcrumbs, serial_shops, shop,
          chequers_serial_rivers_small_3, uniq_blork_the_orc
D:6:      layout_cave_pools, mainiacjoe_overflow_alcove_4,
          uniq_crazy_yiuf_cottage
D:7:      layout_loops_ring, minmay_temple_entry_overgrown

Skill      XL: |  1  2  3  4  5  6  7 |
---------------+----------------------+-----
Armour         | 4 5 |  5.3
Fighting       | 4 5 |  5.4
Shields        | 4 5 |  5.2
Maces & Flails | 3 4 |  4.1

Action                   |  1- 3 |  4- 6 |  7- 9 || total
-------------------------+-------+-------+-------++-------
Melee: Flail             |   151 |   169 |       ||   320
       Mace              |       |    13 |    50 ||    63
  Use: Scroll            |       |     1 |     3 ||     4
       Potion            |       |       |     1 ||     1
Armor: Scale mail        |    78 |       |       ||    78
       Ring mail         |    15 |    28 |       ||    43
       Plate armour      |       |   110 |    34 ||   144
Dodge: Dodged            |    79 |    60 |    17 ||   156
Block: Buckler           |    35 |    37 |    16 ||    88

Table legend: (Time is in decaauts)
 A = Elapsed time spent in this place.
 B = Non-inter-level travel time spent in this place.
 C = Inter-level travel time spent in this place.
 D = Time resting spent in this place.
 E = Time spent auto-exploring this place.
 F = Levels seen in this place.
 G = Mean time per level.
                   A        B        C        D        E       F      G
               +--------+--------+--------+--------+--------+-----+--------+
         Total |   4564 |   4352 |    212 |     21 |   3164 |   7 |  652.0 |
       Dungeon |   4564 |   4352 |    212 |     21 |   3164 |   7 |  652.0 |
               +--------+--------+--------+--------+--------+-----+--------+

Top non-repeatable levels by time:
     D:3: 977 daAuts
     D:1: 835 daAuts
     D:4: 824 daAuts
     D:6: 780 daAuts
     D:2: 627 daAuts
     D:5: 311 daAuts
     D:7: 207 daAuts
